Unix NetHack Version 5.0.0-0 post-release - last build Jun 10 2026 00:39:30 (3ee93aec679c4c4259841fe613dc97188e26a321,branch:main).

Game began 2026-07-01 20:39:31, ended 2026-07-01 21:00:46.

HenriqueII, lawful male human Archeologist

                              -----------
                             #...{.......#                            -------
                             #|.........|#            -----------     |..!.[|
     ----------              #----------.#############..`.......|     |.....|
     |......d.|              ###         #            |.........|     |.....|
     |........|                #         ##           |......%...####q@@....|
     |.>..{...|                #          #           |.........|#   #|*f...|
     |........|       ---------#          #           ---.-.-----#   #|.....|
     -------.--       |........#          #            # ###     #   #-------
            #         |.......|           #             ###      #   #
           ##         |.......|           #            ###      ##   #
     ------.-----     |.......|           #            #       ##    #
     |..........|     |.......|           ###          #       #     ###
     |...........#####........|             #       ####      ##       #
     |..........|     ---------             ### ----.----     #--------#
     -----.-+----                             # |.......|     #|..<...|#
                                              ##........|     #|......|#
                                                |.{.....|     #........#
                                                ---------      --------

HenriqueII the Field Worker  St:16 Dx:14 Co:13 In:14 Wi:15 Ch:8  Lawful
Dlvl:3  $:1283 HP:0(37) Pw:23(23) AC:9  Xp:5 T:2851 

Latest messages:
 "For you, honored sir; only 107 zorkmids for this crude ring mail."
 You have a little trouble lifting Z - a crude ring mail (unpaid, 107 zorkmids).
 "For you, good sir; only 7 zorkmids for this worthless piece of black glass."
 s - a worthless piece of black glass (unpaid, 7 zorkmids).
 Your movements are slowed slightly because of your load.
 What do you want to drop? [$a-dfiklqstwyABDEG-IKLNPQS-WYZ or ?*] s
 You drop a worthless piece of black glass (unpaid, 7 zorkmids).
 What do you want to drop? [$a-dfiklqtwyABDEG-IKLNPQS-WYZ or ?*] q
 You drop a worthless piece of green glass (unpaid, 7 zorkmids).
 What do you want to drop? [$a-dfikltwyABDEG-IKLNPQS-WYZ or ?*] Z
 You drop a crude ring mail (unpaid, 107 zorkmids).
 Your movements are now unencumbered.
 You see here a hexagonal wand (for sale, 267 zorkmids).
 "For you, most gracious sir; only 267 zorkmids for this hexagonal wand."
 g - a hexagonal wand (unpaid, 267 zorkmids).
 What do you want to drop? [$a-dfgikltwyABDEG-IKLNPQS-WY or ?*] g
 You drop a hexagonal wand (unpaid, 267 zorkmids).
 You see here a jet stone (for sale, 1133 zorkmids).
 You already found a monster.  Use 'm' prefix to force another search.
 You lash the rothe.
 What do you want to use or apply? [afktASU-W or ?*] S
 "You sneaky cad!  Get out of here with that pick!"
 p - a +0 pick-axe.
 The rothe hits!
 The rothe bites!
 The rothe just misses!
 What do you want to wield? [- ap or ?*] p
 p - a +0 pick-axe (weapon in right hand).
 The rothe hits!
 The rothe bites!
 The rothe bites again!
 You kill the rothe!
 The housecat picks up a hexagonal wand.
 You hit the rothe.
 The rothe hits!
 The rothe bites!
 The rothe bites again!
 You hit the rothe.
 The rothe hits!
 The rothe bites!
 The rothe bites again!
 What do you want to zap? [UV or ?*] U
 In what direction? h
 The magic missile hits the rothe.
 The rothe hits!
 The rothe bites!
 The rothe bites again!
 You die...
 Holmavik gratefully inherits all your possessions.
 Do you want to see what you had when you died? [ynq] (y) q

Inventory:
 Coins    ('$')
  $ - 1283 gold pieces
 Weapons  (')')
  a - a +2 bullwhip
 Armor    ('[')
  c - a blessed +0 fedora (being worn)
  l - a cursed -3 pair of water walking boots
  b - an uncursed +0 leather jacket (being worn)
 Comestibles  ('%')
  I - 2 cursed cram rations
  d - 6 uncursed food rations
  E - 4 uncursed lembas wafers
 Scrolls  ('?')
  T - an uncursed scroll of charging
  B - a blessed scroll of earth
  G - an uncursed scroll of earth
  D - a cursed scroll of remove curse
  w - an uncursed scroll of teleportation
 Spellbooks  ('+')
  W - an uncursed spellbook of create monster
 Potions  ('!')
  K - an uncursed potion of booze
  Q - an uncursed potion of gain energy
  i - a cursed potion of hallucination
  H - a cursed potion of oil
  P - a blessed potion of sickness
 Rings    ('=')
  L - an uncursed +1 ring of increase damage
  Y - an uncursed ring of levitation
  y - an uncursed ring of protection from shape changers
  N - an uncursed ring of see invisible
 Wands    ('/')
  U - a wand of magic missile (0:4)
  V - a wand of slow monster (0:3)
 Tools    ('(')
  k - an empty uncursed oilskin sack
  S - an uncursed sack containing 1 item
  p - a +0 pick-axe (weapon in right hand)
  A - an uncursed tallow candle
  f - a tinning kit (0:57)
 Gems/Stones  ('*')
  t - an uncursed touchstone

Contents of the sack:
  a cursed flint stone

HenriqueII the Archeologist's attributes:

Background:
 You were a Field Worker, a level 5 male human Archeologist.
 You were lawful, on a mission for Quetzalcoatl
 who was opposed by Camaxtli (neutral) and Huhetotl (chaotic).
 You were right-handed.
 You were in the Dungeons of Doom, on level 3.
 You entered the dungeon 2851 turns ago.
 There was a full moon in effect when your adventure ended.
 You had 224 experience points, 96 more were needed to attain level 6.

Basics:
 You had 0 out of 37 hit points.
 You had all 23 energy points (spell power).
 Your armor class was 9.
 Your wallet contained 1283 zorkmids.
 Autopickup was on for '$!?/="' plus thrown, with exceptions.

Final Characteristics:
 Your strength was 16 (limit:18/100).
 Your dexterity was 14 (limit:18).
 Your constitution was 13 (limit:18).
 Your intelligence was 14 (limit:18).
 Your wisdom was 15 (limit:18).
 Your charisma was 8 (limit:18).

Final Status:
 You weren't hungry.
 You were unencumbered.
 You were wielding a pick-axe.
 You had basic skill with pick-axe.

Final Attributes:
 You were piously aligned.
 You were telepathic.
 You had automatic searching.
 You were stealthy.
 You were lucky.
 You are dead.

Miscellaneous:
 You encountered 1 bones level.
 Total elapsed playing time was 21 minutes and 13 seconds.

Major events:
 Turn
    1: HenriqueII the lawful male human Archeologist entered the dungeon
  672: attained the rank of Field Worker (level 3)
 1266: entered the Gnomish Mines
 2851: killed by a rothe

You didn't know any spells.

Skills:
 Fighting Skills
   bare handed combat [Unskilled]
   two weapon combat  [Unskilled]
   riding             [Unskilled]
 Weapon Skills
   dagger             [Unskilled]
   knife              [Unskilled]
   pick-axe           [Basic]
   short sword        [Unskilled]
   saber              [Unskilled]
   club               [Unskilled]
   quarterstaff       [Unskilled]
   sling              [Unskilled]
   dart               [Unskilled]
   boomerang          [Unskilled]
   whip               [Basic]
   unicorn horn       [Unskilled]
 Spellcasting Skills
   attack spells      [Unskilled]
   healing spells     [Unskilled]
   divination spells  [Unskilled]
   matter spells      [Unskilled]

Voluntary challenges:
 Character rerolling was not enabled.
 You never genocided any monsters.
 You never polymorphed an object.
 You never changed form.
 You used no wishes.
Achievements:
 You attained the rank of Field Worker.
 You entered a shop.
 You entered the Gnomish Mines.

 The Dungeons of Doom: levels 1 to 5
    Level 1:
       An altar.
    Level 2:
       A grave.
    Level 3: <- You were here.
       A general store, some fountains, a sink.
       Final resting place for
          you, killed by a rothe.
    Level 4:
       A vegetarian food shop.
       Stairs down to The Gnomish Mines.
    Level 5:
       Final resting place for
          h2g2-Ran-Elf-Fem-Cha, killed by a hill orc.
 The Gnomish Mines: levels 5 to 6
    Level 5:
    Level 6:


Vanquished creatures:
  a pony
  a shrieker
  a gnome leader
  a floating eye
  a kitten
  2 homunculi
  a kobold leader
  a kobold shaman
  2 hill orcs
  a rothe
  2 giant bats
 an orc zombie
  3 acid blobs
  a gas spore
  a giant rat
  2 cave spiders
  2 yellow molds
  a green mold
  a red mold
  7 gnomes
  a gecko
  2 jackals
  2 foxes
  a kobold
  2 goblins
  8 grid bugs
  7 lichens
  2 kobold zombies
  7 newts
65 creatures vanquished.

No species were genocided or became extinct.

Game over:
                       ----------
                      /          \
                     /    REST    \
                    /      IN      \
                   /     PEACE      \
                  /                  \
                  |    HenriqueII    |
                  |     1283 Au      |
                  |   killed by a    |
                  |      rothe       |
                  |                  |
                  |                  |
                  |       2026       |
                 *|     *  *  *      | *
        _________)/\\_//(\/(/\)/\//\/|_)_______

Goodbye HenriqueII the Archeologist...

You died in The Dungeons of Doom on dungeon level 3 with 2331 points,
and 1283 pieces of gold, after 2851 moves.
You were level 5 with a maximum of 37 hit points when you died.

